[Event "10th Cesme Open-B 2024"]
[Site "Cesme"]
[Date "2024.06.28"]
[Round "7"]
[White "Korkmaz, Necmettin"]
[Black "Turgut, Hakan"]
[Result "1-0"]
[ECO "C45"]
[WhiteElo "1999"]
[BlackElo "1979"]
[Annotator "RC"]
[PlyCount "71"]
[EventDate "2024.06.23"]
[EventType "swiss"]
[EventCountry "TUR"]
[SourceTitle "playchess.com"]
[Source "ChessBase"]
[SourceQuality "1"]
[TimeControl "5400+30"]

1. e4 e5 2. Nf3 Nc6 3. d4 exd4 4. Nxd4 Nf6 5. Nxc6 bxc6 6. e5 Qe7 7. Qe2 Nd5 8. c4 Ba6 9. b3 Qh4 10. a3 Rb8 11. g3 Qe7 12. Nd2 g6 13. Bg2 Bg7 14. Bb2 O-O 15. O-O Nb6 16. a4 d5 17. f4 Nxc4 18. Ba3 Nxa3 19. Qxa6 Nc2 20. Rac1 Nd4 21. Kh1 f6 22. exf6 Bxf6 23. Nf3 Rb6 24. Qxa7 Nxf3 25. Bxf3 Qd6 26. Rfd1 Kg7 27. Rxd5 cxd5 28. Rxc7+ Be7 29. Rxe7+ Kf6 30. Rxh7 d4 31. Qg7+ Kf5 32. Qh6 Qd8 33. g4+ Ke6 34. Qxg6+ Rf6 35. Qe4+ Kd6 36. Qd5# 1-0

[Event "10th Cesme Open-B 2024"]
[Site "Cesme"]
[Date "2024.06.28"]
[Round "7"]
[White "Atis, Hasan"]
[Black "Uzdemir, Ali Poyraz"]
[Result "1-0"]
[ECO "B67"]
[WhiteElo "1988"]
[BlackElo "1936"]
[Annotator "RC"]
[PlyCount "93"]
[EventDate "2024.06.23"]
[EventType "swiss"]
[EventCountry "TUR"]
[SourceTitle "playchess.com"]
[Source "ChessBase"]
[SourceQuality "1"]
[TimeControl "5400+30"]

1. e4 c5 2. Nf3 d6 3. d4 cxd4 4. Nxd4 Nf6 5. Nc3 Nc6 6. Bg5 e6 7. Qd2 a6 8. O-O-O Bd7 9. Kb1 h6 10. Be3 Ng4 11. Nxc6 bxc6 12. Bf4 e5 13. Bg3 Be6 14. Be2 Qa5 15. h3 Nf6 16. b3 Rb8 17. f4 exf4 18. Bxf4 Nd7 19. Qe1 Ne5 20. g4 g5 21. Bd2 Qa3 22. Bc1 Qa5 23. Bb2 Qc7 24. Na4 Bg7 25. h4 gxh4 26. Rxh4 Qe7 27. Rh5 Rg8 28. Qd2 Nxg4 29. Qxd6 Qxd6 30. Rxd6 Nf6 31. Rh4 Rb4 32. Bd3 Bh8 33. Bc3 Rg1+ 34. Kb2 Ke7 35. Rxe6+ Kxe6 36. Bxb4 Nd5+ 37. Ka3 Rb1 38. exd5+ cxd5 39. Rxh6+ Bf6 40. Nc5+ Ke5 41. Nd7+ Kd4 42. Rxf6 a5 43. Bc5+ Kc3 44. Rf4 f5 45. Bd4+ Kd2 46. Rf2+ Kd1 47. Bc3 1-0

[Event "10th Cesme Open-B 2024"]
[Site "Cesme"]
[Date "2024.06.28"]
[Round "7"]
[White "Dogan, Umut Anil"]
[Black "Can, Isik"]
[Result "1-0"]
[ECO "E05"]
[WhiteElo "1982"]
[BlackElo "2509"]
[Annotator "TA"]
[PlyCount "147"]
[EventDate "2024.06.23"]
[EventType "swiss"]
[EventCountry "TUR"]
[SourceTitle "playchess.com"]
[Source "ChessBase"]
[SourceQuality "1"]
[TimeControl "5400+30"]

1. Nf3 Nf6 2. c4 e6 3. g3 d5 4. Bg2 Be7 5. O-O O-O 6. d4 dxc4 7. Qc2 a6 8. Qxc4 b5 9. Qc2 Bb7 10. Bd2 Be4 11. Qc1 Nc6 12. Nc3 Bxf3 13. Bxf3 Nxd4 14. Bxa8 {[%emt 0:00:30] Black has an edge.} Qxa8 15. Be3 c5 16. Bxd4 $1 cxd4 17. Nd1 {[%emt 0:00:00] White is weak on the dark squares} Rc8 18. Qd2 e5 19. Rc1 Ne4 (19... Rc4 $11 20. b3 (20. Rxc4 bxc4 21. Qa5 Bd6 $11) 20... Bb4) 20. Rxc8+ $14 Qxc8 21. Qa5 (21. Qd3 $16 Nc5 22. Qc2) 21... Nf6 (21... Ng5 $11 {keeps the balance.}) 22. a4 $16 Qc6 (22... Bd8 $142 23. Qb4 Qc6) 23. axb5 axb5 24. Qa7 ({White should play} 24. f3 $1 $16) 24... Bf8 25. Qb8 e4 26. Qe5 Qd5 (26... Qd7 $14) 27. Qxd5 Nxd5 {[%emt 0:00:03][%mdl 4096] Endgame. KRN-KBN} 28. e3 Bc5 29. exd4 Bxd4 30. Re1 f5 31. Re2 {[%emt 0:00:30] Strongly threatening Rd2.} Nb4 32. Kf1 Kf7 {[%emt 0:01:12] [#]} 33. Nc3 $1 Nd3 (33... Bxc3 $16 34. bxc3 Nd5) 34. Nxb5 $18 Bxb2 {[%emt 0:01:47] [#]} 35. f3 $1 Be5 (35... Kf6 36. fxe4) 36. fxe4 fxe4 37. Rxe4 Kf6 38. Re3 Nc5 39. Na3 g6 40. Nc4 Bd4 41. Re2 Ne6 42. Kg2 Bc5 43. Ne5 {[%emt 0:01:30] And now Nd7+ would win.} Bd4 44. Nf3 Bc5 45. Ra2 h6 46. Ra6 g5 47. Nd2 Kf5 {[%emt 0:00:58] Against Ne4} 48. Nb3 Bf8 {[%emt 0:00:31] [#]} 49. g4+ $1 Ke5 50. Kf3 Nf4 51. Nd2 Bg7 $2 (51... Kd4 52. Rf6 Bg7) 52. Nc4+ Kd4 53. Ne3 {[%emt 0:00:00] Black must now prevent Nf5+.} Bf8 54. Nf5+ Ke5 55. Nxh6 Ne6 56. Nf7+ Kd5 {[%emt 0:00:29] [#]} 57. Rxe6 $1 Kxe6 58. Nxg5+ {[%emt 0:00:30] KB-KN} Ke5 59. Ne4 Be7 60. Ng3 Kf6 61. Nf5 (61. h4 $142 Kg6 62. Nf5 Bf8 63. Kf4 Kf7 64. g5 Ke6 65. h5 Ba3 66. Nd4+ Kd5 67. Ne2) 61... Ba3 62. h4 {[%emt 0:00:30] White mates.} Bc1 63. Ne3 Kg6 64. Nd5 Kh6 65. Nf4 Bb2 66. g5+ Kg7 67. Kg4 Kf7 68. h5 Ba1 69. Kf5 Bb2 70. Ne6 Ba1 71. h6 Kg8 72. Kg6 Bc3 73. Nd8 Bg7 74. h7+ {[%emt 0:00:00] Weighted Error Value: White=0.09 (flawless) /Black=0.42.  Mistake:       	White=2     	Black=6      Inaccurate:     	---       	Black=3      OK:         	White=19    	Black=9      Best:        	White=7     	Black=1      Strong:       	White=1     	---        Brilliant:      	White=1     	---} 1-0

[Event "10th Cesme Open-B 2024"]
[Site "Cesme"]
[Date "2024.06.28"]
[Round "7"]
[White "Rzayev, Askar Aliakbar"]
[Black "Aydemir, Umut"]
[Result "1-0"]
[ECO "A09"]
[WhiteElo "1967"]
[BlackElo "1940"]
[Annotator "RC"]
[PlyCount "75"]
[EventDate "2024.06.23"]
[EventType "swiss"]
[EventCountry "TUR"]
[SourceTitle "playchess.com"]
[Source "ChessBase"]
[SourceQuality "1"]
[TimeControl "5400+30"]

1. Nf3 d5 2. c4 d4 3. e3 Nc6 4. d3 e5 5. a3 a5 6. Be2 Nf6 7. exd4 exd4 8. Bg5 Be7 9. Bxf6 Bxf6 10. O-O O-O 11. Nbd2 Re8 12. Ne4 Be7 13. Re1 f5 14. Ng3 Bc5 15. Nd2 g6 16. Bf3 Ne5 17. Bd5+ Kg7 18. Nf3 c6 19. Nxe5 cxd5 20. Qb3 a4 21. Qc2 Be6 22. cxd5 Qxd5 23. Qd2 Bd6 24. Nf3 h6 25. h4 Bd7 26. h5 g5 27. Ne2 Bc5 28. Nxg5 Ra6 29. Nf4 Qg8 30. Nf3 Kh7 31. Rxe8 Bxe8 32. Re1 Rf6 33. Qe2 Rf8 34. Ne6 Bxh5 35. Nfg5+ Kg6 36. Nf4+ Kf6 37. Qxh5 hxg5 38. Re6+ 1-0

[Event "10th Cesme Open-B 2024"]
[Site "Cesme"]
[Date "2024.06.28"]
[Round "7"]
[White "Yigit, Ahmet Yasir"]
[Black "Asgharvand, Davood"]
[Result "1-0"]
[ECO "D13"]
[WhiteElo "1964"]
[BlackElo "1881"]
[Annotator "NA RC"]
[PlyCount "115"]
[EventDate "2024.06.23"]
[EventType "swiss"]
[EventCountry "TUR"]
[SourceTitle "playchess.com"]
[Source "ChessBase"]
[SourceQuality "1"]
[TimeControl "5400+30"]

1. c4 Nf6 2. g3 c6 3. Bg2 d5 4. cxd5 cxd5 5. Nf3 Nc6 6. d4 e6 7. O-O Be7 8. Nc3 O-O 9. Bf4 a6 10. Rc1 Ne4 11. Ne5 Nxe5 12. Bxe5 Nxc3 13. Rxc3 Bd7 14. e4 Bc6 15. exd5 Bxd5 16. Qg4 f6 17. Bc7 Qd7 18. Bxd5 Qxd5 19. a3 Rfe8 20. Re1 Bf8 21. Bb6 Qb5 22. Bc5 Qd7 23. Bxf8 Kxf8 24. d5 Qxd5 25. Rc7 Qg5 26. Qxg5 fxg5 27. Rxb7 Re7 28. Rb6 Kf7 29. Re5 h6 30. Ra5 Rea7 31. Kg2 Kf6 32. Kf3 Kf7 33. Ke4 Kf6 34. b4 g6 35. Rc6 g4 36. Kf4 h5 37. Ke4 g5 38. Rf5+ Ke7 39. Rxg5 a5 40. b5 a4 41. Rxh5 Ra5 42. Rh7+ Kf6 43. Rh6+ Kg7 44. Rhxe6 Rxb5 45. Rc7+ Kf8 46. Kf4 Rb2 47. Rf6+ Kg8 48. Kxg4 Rb3 49. Rf3 Rab8 50. Ra7 Rxf3 51. Kxf3 Rb3+ 52. Kg4 Rxa3 53. f4 Kf8 54. h4 Ra1 55. h5 Kg8 56. Kg5 a3 57. h6 a2 58. h7+ 1-0

[Event "10th Cesme Open-B 2024"]
[Site "Cesme"]
[Date "2024.06.28"]
[Round "7"]
[White "Tezcan, Alper"]
[Black "Akkaya, Atakan"]
[Result "0-1"]
[ECO "B47"]
[WhiteElo "1936"]
[BlackElo "1780"]
[Annotator "RC"]
[PlyCount "114"]
[EventDate "2024.06.23"]
[EventType "swiss"]
[EventCountry "TUR"]
[SourceTitle "playchess.com"]
[Source "ChessBase"]
[SourceQuality "1"]
[TimeControl "5400+30"]

1. e4 c5 2. Nf3 e6 3. d4 cxd4 4. Nxd4 Nc6 5. Nc3 Qc7 6. Qd3 a6 7. Nxc6 dxc6 8. Qg3 Qxg3 9. hxg3 e5 10. Na4 Be6 11. Nb6 Rd8 12. Nc4 Rd4 13. Nd2 f6 14. c3 Rd7 15. Bc4 Kf7 16. g4 Bc5 17. g5 Ne7 18. gxf6 gxf6 19. Bxe6+ Kxe6 20. Nf3 Nc8 21. Ke2 Nd6 22. Rh4 Rg7 23. g3 h5 24. b4 Bb6 25. Be3 Bxe3 26. Kxe3 f5 27. Nd2 fxe4 28. Ke2 e3 29. fxe3 Rxg3 30. Rah1 Nf5 31. Rxh5 Rxe3+ 32. Kd1 Rxh5 33. Rxh5 Rxc3 34. Ne4 Rd3+ 35. Kc2 Rd4 36. Nc5+ Kf6 37. a3 b6 38. Nxa6 e4 39. b5 cxb5 40. Nb4 e3 41. Nd3 e2 42. Rh1 Ng3 43. Rh6+ Kf5 44. Ne1 Rd1 45. Nf3 Kf4 46. Nh4 Kg5 47. Rh8 Rc1+ 48. Kd3 e1=Q 49. Nf3+ Kf4 50. Nxe1 Rxe1 51. Rh6 Re3+ 52. Kc2 Rxa3 53. Rxb6 Ne2 54. Kb2 Ra5 55. Rb8 Ke4 56. Re8+ Kd3 57. Kb3 Ra4 0-1

[Event "10th Cesme Open-B 2024"]
[Site "Cesme"]
[Date "2024.06.28"]
[Round "7"]
[White "Yardimci, Can"]
[Black "Turan, Asim"]
[Result "1/2-1/2"]
[ECO "C47"]
[WhiteElo "1919"]
[BlackElo "1970"]
[Annotator "NA RC"]
[PlyCount "99"]
[EventDate "2024.06.23"]
[EventType "swiss"]
[EventCountry "TUR"]
[SourceTitle "playchess.com"]
[Source "ChessBase"]
[SourceQuality "1"]
[TimeControl "5400+30"]

1. e4 e5 2. Nf3 Nc6 3. Nc3 Nf6 4. a3 Be7 5. d4 d6 6. dxe5 dxe5 7. Qxd8+ Bxd8 8. Bg5 Bg4 9. Bb5 Bxf3 10. Bxc6+ bxc6 11. gxf3 Nd7 12. Bxd8 Rxd8 13. Ke2 Nc5 14. Ke3 Ne6 15. Ne2 Ke7 16. Rad1 Rd6 17. Rd3 Rb8 18. Rb1 g5 19. b4 Rbd8 20. h4 Nf4 21. Nxf4 exf4+ 22. Ke2 gxh4 23. Rh1 Rh6 24. Rxd8 Kxd8 25. e5 Ke7 26. Kd3 f5 27. exf6+ Kxf6 28. Ke4 h3 29. Kxf4 h2 30. c4 a6 31. c5 Rh5 32. Kg3 Rg5+ 33. Kxh2 Rh5+ 34. Kg2 Rxh1 35. Kxh1 Kf5 36. Kh2 Kf4 37. Kg2 h6 38. a4 h5 39. a5 h4 40. Kh3 Kxf3 41. Kxh4 Kxf2 42. Kg5 Ke3 43. Kf5 Kd4 44. Ke6 Kc4 45. Kd7 Kxb4 46. Kxc6 Kc4 47. Kb7 Kxc5 48. Kxa6 Kb4 49. Kb7 Kxa5 50. Kxc7 1/2-1/2

[Event "10th Cesme Open-B 2024"]
[Site "Cesme"]
[Date "2024.06.28"]
[Round "7"]
[White "Celik, Eylul"]
[Black "Dirikolu, Deniz"]
[Result "0-1"]
[ECO "E00"]
[WhiteElo "1904"]
[BlackElo "1978"]
[Annotator "NA RC"]
[PlyCount "84"]
[EventDate "2024.06.23"]
[EventType "swiss"]
[EventCountry "TUR"]
[SourceTitle "playchess.com"]
[Source "ChessBase"]
[SourceQuality "1"]
[TimeControl "5400+30"]

1. d4 Nf6 2. c4 e6 3. Bg5 c5 4. d5 exd5 5. cxd5 h6 6. Bxf6 Qxf6 7. Nc3 g6 8. Nf3 Bg7 9. e4 d6 10. Qa4+ Nd7 11. Bb5 a6 12. O-O Rb8 13. Bxd7+ Bxd7 14. Qa5 Qd8 15. Qxd8+ Kxd8 16. Rfe1 Re8 17. Rac1 b5 18. Rc2 b4 19. Nd1 Bb5 20. Re3 Kd7 21. b3 Re7 22. e5 Rbe8 23. exd6 Kxd6 24. Rd2 h5 25. Rxe7 Rxe7 26. Ne3 Bh6 27. Rc2 Bd3 28. Rb2 Bxe3 29. fxe3 Rxe3 30. Kf2 Re7 31. Rd2 Bf5 32. Ng5 f6 33. Ne6 Bxe6 34. dxe6+ Kxe6 35. Kf3 Rd7 36. Rc2 Rd3+ 37. Ke4 Rc3 38. Rxc3 bxc3 39. Kd3 g5 40. Kxc3 Kd5 41. Kd3 f5 42. a3 a5 0-1

[Event "10th Cesme Open-B 2024"]
[Site "Cesme"]
[Date "2024.06.28"]
[Round "7"]
[White "Buyuk, Eymen Eren"]
[Black "Yildiz, Talat"]
[Result "1/2-1/2"]
[ECO "E51"]
[WhiteElo "1894"]
[BlackElo "1891"]
[Annotator "NA RC"]
[PlyCount "76"]
[EventDate "2024.06.23"]
[EventType "swiss"]
[EventCountry "TUR"]
[SourceTitle "playchess.com"]
[Source "ChessBase"]
[SourceQuality "1"]
[TimeControl "5400+30"]

1. d4 Nf6 2. c4 e6 3. Nc3 Bb4 4. e3 O-O 5. Nf3 d5 6. Bd2 c5 7. a3 Bxc3 8. Bxc3 Ne4 9. Rc1 Nxc3 10. Rxc3 cxd4 11. Nxd4 dxc4 12. Bxc4 a6 13. O-O Bd7 14. Qh5 Nc6 15. Rd1 Qe7 16. Nb3 Rfd8 17. e4 Be8 18. Re1 b5 19. Rh3 h6 20. Bd3 f6 21. Qh4 e5 22. Be2 Nd4 23. Bg4 Nxb3 24. Rxb3 Rd2 25. h3 Rad8 26. Rc1 Bf7 27. Rbc3 Rxb2 28. Qg3 Rbd2 29. Rc7 Qf8 30. Qe3 h5 31. Bf5 g6 32. Qg3 R8d3 33. f3 Rd1+ 34. Kh2 Rxc1 35. Rxc1 Qh6 36. Rc8+ Kg7 37. Rc7 Rd8 38. Be6 Rf8 1/2-1/2

[Event "10th Cesme Open-B 2024"]
[Site "Cesme"]
[Date "2024.06.28"]
[Round "7"]
[White "Varyemez, Ali"]
[Black "Ilgaz, Yusuf Kerem"]
[Result "0-1"]
[ECO "E08"]
[WhiteElo "1889"]
[BlackElo "1966"]
[Annotator "RC"]
[PlyCount "90"]
[EventDate "2024.06.23"]
[EventType "swiss"]
[EventCountry "TUR"]
[SourceTitle "playchess.com"]
[Source "ChessBase"]
[SourceQuality "1"]
[TimeControl "5400+30"]

1. d4 d5 2. c4 e6 3. Nf3 Nf6 4. g3 Bb4+ 5. Bd2 Be7 6. Bg2 O-O 7. Qc2 c6 8. O-O Nbd7 9. Bf4 a5 10. Rd1 a4 11. a3 Ne4 12. Nc3 Nxc3 13. Qxc3 Nb6 14. Nd2 f5 15. h4 h6 16. h5 Bg5 17. e3 Nd7 18. Bf3 Nf6 19. Kg2 Ne4 20. Bxe4 fxe4 21. f3 Bxf4 22. gxf4 exf3+ 23. Nxf3 dxc4 24. Ne5 b5 25. Rh1 c5 26. dxc5 Qd5+ 27. Kf2 Qxc5 28. Rh4 Rb8 29. Rg4 b4 30. axb4 Qxb4 31. Rag1 Qxb2+ 32. Qxb2 Rxb2+ 33. Kf3 Rb7 34. Nxc4 Rd8 35. Ra1 Ra7 36. Ra3 Bb7+ 37. Kf2 Rc8 38. Nb6 Rc2+ 39. Ke1 Bc6 40. Rg6 Rb7 41. Kd1 Rh2 42. Rxe6 Rxb6 43. Kc1 Ra6 44. Rc3 Bb7 45. Rc7 Rxe6 0-1

[Event "10th Cesme Open-B 2024"]
[Site "Cesme"]
[Date "2024.06.28"]
[Round "7"]
[White "Sevig, Mert Can"]
[Black "Yelligedik, Murat"]
[Result "0-1"]
[ECO "C04"]
[WhiteElo "1881"]
[BlackElo "1984"]
[Annotator "NA RC"]
[PlyCount "52"]
[EventDate "2024.06.23"]
[EventType "swiss"]
[EventCountry "TUR"]
[SourceTitle "playchess.com"]
[Source "ChessBase"]
[SourceQuality "1"]
[TimeControl "5400+30"]

1. e4 e6 2. d4 d5 3. Nd2 Nc6 4. Ngf3 Nf6 5. e5 Ng4 6. c3 f6 7. Bb5 Bd7 8. Qe2 Be7 9. Nf1 fxe5 10. Bxc6 bxc6 11. dxe5 O-O 12. h3 Nh6 13. Bxh6 gxh6 14. Ng3 Qe8 15. Nh2 Qg6 16. O-O Rf4 17. Ng4 Kh8 18. Qe3 Bg5 19. Qc5 h5 20. Ne3 Rg8 21. Ne2 Rf3 22. Ng4 Rf7 23. Qxa7 hxg4 24. hxg4 Qe4 25. Rae1 Qxg4 26. f3 Be3+ 0-1

[Event "10th Cesme Open-B 2024"]
[Site "Cesme"]
[Date "2024.06.28"]
[Round "7"]
[White "Cakir, Mert"]
[Black "Hasirci, Ozgur Deniz"]
[Result "0-1"]
[ECO "B99"]
[WhiteElo "1828"]
[BlackElo "1903"]
[Annotator "NA RC"]
[PlyCount "64"]
[EventDate "2024.06.23"]
[EventType "swiss"]
[EventCountry "TUR"]
[SourceTitle "playchess.com"]
[Source "ChessBase"]
[SourceQuality "1"]
[TimeControl "5400+30"]

1. e4 c5 2. Nf3 d6 3. d4 cxd4 4. Nxd4 Nf6 5. Nc3 a6 6. Bg5 e6 7. f4 Be7 8. Qf3 Qc7 9. O-O-O Nbd7 10. g4 h6 11. Bxf6 Bxf6 12. h4 Nb6 13. g5 Bxd4 14. Rxd4 Qc5 15. Rd2 Bd7 16. Be2 O-O-O 17. Rhd1 Bc6 18. Qg3 d5 19. gxh6 gxh6 20. Qg7 dxe4 21. Rxd8+ Rxd8 22. Rxd8+ Kxd8 23. Qxf7 Qe3+ 24. Kb1 Nd5 25. Qf8+ Kc7 26. Nxd5+ exd5 27. Bd1 Qd2 28. Qg7+ Kb6 29. Qg1+ e3 30. b3 d4 31. f5 Be4 32. Qf1 d3 0-1